Map: Arctic Dream LE

Players

MattBarry - Winner!

  • Race: Terran Terran
  • Spawn Location: 5:00

MattBarry - Winner!

  • Race: Zerg Zerg
  • Spawn Location: 6:00

southstar

  • Race: Terran Terran
  • Spawn Location: 12:00

Wolfie

  • Race: Terran Terran
  • Spawn Location: 11:00

VOD

Have the link to the VOD?

Description

Time

  • Played on: Dec. 22, 2022, 9:45 p.m.
  • Length: 19:31
Show
View Real Time Build Order
Export as new Build Order

MattBarry Terran - Winner!

Build Orders: 2 Factory, Mech 

Get SALT Encoding   

  12  0:00  SCV  
  13  0:12  SCV  
  14  0:17  Supply Depot  
  14  0:24  SCV  
  15  0:39  SCV  
  15  0:40  Barracks  
  16  0:51  SCV  
  17  0:57  Refinery  
  17  1:03  SCV  
  18  1:15  SCV  
  19  1:27  Orbital Command  
  19  1:28  Marine  
  19  1:31  Supply Depot  
  20  1:47  Marine  
  20  1:48  Command Center  
  21  1:55  SCV  
  22  2:03  Factory  
  22  2:07  Marine, SCV  
  24  2:19  SCV  
  25  2:25  Refinery  
  25  2:26  Barracks Reactor  
  25  2:32  SCV  
  26  2:44  SCV  
  26  2:47  Widow Mine  
  29  2:56  SCV  
  30  3:02  Factory  
  30  3:10  SCV  
  30  3:11  Orbital Command  
  31  3:20  Supply Depot  
  31  3:25  Hellion x2  
  35  3:30  Barracks Tech Lab  
  35  3:34  Armory  
  35  3:37  Engineering Bay  
  35  3:38  SCV x2  
  37  3:44  Supply Depot  
  37  3:46  Hellion x2  
  41  3:56  SCV x2  
  43  4:06  Siege Tank  
  43  4:08  SCV x2  
  48  4:13  Hellion x2  
  52  4:20  SCV x2  
  54  4:26  Missile Turret  
  54  4:29  Missile Turret  
  54  4:32  SCV x2  
  54  4:34  Hellion x2  
  60  4:46  SCV x2  
  60  4:52  Siege Tank  
  61  4:58  SCV  
  62  5:00  Command Center  
  62  5:07  Supply Depot  
  62  5:10  Supply Depot  
  62  5:13  Terran Vehicle Weapons Level 1  
  62  5:19  Starport  
  62  5:22  Refinery  
  62  5:23  Refinery  
  62  5:29  SCV x2  
  64  5:41  SCV  
  66  5:42  SCV  
  66  5:45  Hellion x2, Siege Tank  
  73  5:53  SCV  
  73  5:54  Supply Depot x2, SCV  
  75  6:00  Starport Reactor  
  75  6:07  SCV x2  
  75  6:09  Factory  
  75  6:10  Factory  
  77  6:19  SCV x2  
  77  6:20  Infernal Pre-Igniter  
  77  6:22  Hellion x2, Siege Tank  
  86  6:31  Supply Depot x2  
  86  6:39  Viking  
  88  6:40  Viking  
  78  7:19  Orbital Command  
  78  7:21  SCV x2  
  80  7:28  Factory Tech Lab  
  80  7:29  Thor, Factory Tech Lab  
  86  7:31  Hellion x2  
  86  7:33  SCV x2, Terran Vehicle And Ship Armor Level 1  
  86  7:35  Viking  
  94  7:48  Refinery  
  94  7:50  SCV x3, Refinery  
  97  7:53  Thor  
  103  8:04  Siege Tank  
  103  8:05  Hellion x2  
  110  8:20  Siege Tank  
  110  8:23  SCV x3  
  116  8:36  Siege Tank x2  
  122  8:44  Supply Depot  
  122  8:45  Supply Depot  
  122  8:46  Supply Depot  
  122  8:48  Supply Depot  
  122  8:52  Siege Tank  
  125  9:13  Siege Tank x2  
  131  9:24  Siege Tank  
  132  9:40  Hellion x2  
  132  9:41  Viking x2  
  143  9:45  Siege Tank x2  
  143  9:51  Command Center  
  146  9:56  Siege Tank  
  149  10:13  Hellion x2  
  153  10:16  Viking  
  155  10:23  Terran Vehicle Weapons Level 2  
  155  10:24  Supply Depot x2  
  155  10:28  Thor  
  153  10:34  Thor  
  157  10:38  Thor  
  145  11:00  Viking  
  138  11:13  Thor  
  138  11:17  Thor  
  150  11:23  SCV x3  
  153  11:35  SCV x3  
  156  11:46  Thor  
  162  11:56  Thor  
  151  12:44  Thor x3  
  151  12:46  Hellion  
  151  12:47  Hellion  
  165  13:27  Thor  
  171  13:38  Thor  
  171  13:39  Thor  
  183  13:53  SCV x4, Refinery  
  187  14:00  Supply Depot  
  187  14:01  Supply Depot  
  187  14:02  Supply Depot  
  187  14:05  SCV  
  188  14:10  Planetary Fortress  
  188  14:22  SCV x3  
  191  14:34  SCV x2  
  188  14:50  Thor x2  
  200  15:20  Thor  
  184  16:19  Thor  
  182  16:42  Viking, Thor x2  
  196  17:08  Command Center  
  196  17:09  Command Center  
  196  17:12  Viking  
  196  17:13  Refinery  
  196  17:15  Refinery  
  194  18:08  Thor  
  194  19:16  Command Center  
  194  19:18  Command Center  
Show
View Real Time Build Order
Export as new Build Order

MattBarry Zerg - Winner!

Build Orders: Pool First, Brood Lord Corruptor 

Get SALT Encoding   

  12  0:01  Drone  
  13  0:12  Overlord  
  13  0:18  Drone  
  14  0:26  Drone, Extractor  
  14  0:40  Spawning Pool  
  13  0:46  Drone  
  14  1:03  Drone  
  15  1:08  Drone x2  
  17  1:32  Hatchery  
  16  1:36  Drone  
  16  1:37  Drone  
  18  1:46  Queen  
  20  1:56  Drone  
  20  1:58  Overlord  
  21  2:18  Drone  
  21  2:20  Metabolic Boost  
  21  2:22  Zergling x2  
  23  2:31  Queen  
  25  2:39  Evolution Chamber  
  24  2:51  Drone x2  
  25  2:52  Drone  
  25  2:53  Drone  
  25  2:58  Extractor  
  27  3:01  Baneling Nest  
  27  3:05  Drone  
  27  3:06  Drone  
  28  3:17  Drone  
  28  3:18  Drone  
  30  3:39  Zerg Melee Weapons Level 1  
  30  3:40  Drone x2  
  32  3:45  Lair  
  32  3:46  Queen  
  34  3:49  Drone x2  
  36  4:08  Evolution Chamber  
  35  4:13  Zergling x2, Overlord x2  
  36  4:20  Hatchery  
  35  4:30  Drone  
  36  4:31  Overlord  
  36  4:32  Overlord  
  36  4:34  Zergling x2  
  36  4:35  Zergling x6  
  40  4:54  Evolution Chamber  
  40  4:57  Centrifugal Hooks  
  39  5:20  Drone x3  
  39  5:21  Drone x3  
  45  5:22  Zerg Ground Armor Level 1  
  45  5:48  Zerg Melee Weapons Level 2  
  45  5:56  Infestation Pit, Spore Crawler  
  43  5:58  Spore Crawler  
  42  6:05  Spore Crawler  
  42  6:07  Drone x6  
  42  6:08  Spore Crawler, Drone x5  
  42  6:09  Drone x2  
  53  6:13  Zergling x2  
  53  6:14  Zergling x4  
  53  6:16  Zergling x2  
  57  6:25  Baneling x5  
  57  6:31  Burrow  
  57  6:45  Overlord x2  
  57  6:49  Hive  
  57  6:54  Overseer  
  57  7:15  Overlord  
  57  7:18  Zergling x8  
  57  7:19  Zergling x2  
  62  7:28  Spire  
  61  7:52  Queen  
  61  7:55  Pneumatized Carapace  
  48  8:14  Zergling x8  
  48  8:15  Zergling x4  
  48  8:16  Zergling x4  
  48  8:17  Zergling x4  
  58  8:21  Extractor  
  58  8:23  Zergling x2  
  58  8:24  Zergling x6  
  58  8:25  Zergling x8  
  58  8:26  Zergling x4  
  58  8:27  Zergling x12  
  72  8:28  Zergling x20  
  83  8:40  Adrenal Glands  
  83  8:45  Zerg Melee Weapons Level 3  
  66  9:09  Zergling x6  
  63  9:10  Zergling x4  
  63  9:11  Zergling x4  
  67  9:17  Greater Spire  
  67  9:31  Extractor  
  67  9:35  Extractor  
  65  9:42  Extractor  
  64  9:50  Drone x6  
  64  9:51  Drone x4, Overlord  
  64  9:52  Drone x3  
  77  9:53  Drone x2  
  77  9:54  Corruptor x3  
  85  10:14  Queen  
  71  10:55  Zergling x8  
  71  10:56  Zergling x10  
  75  10:57  Zergling x6  
  77  11:09  Zergling x2  
  77  11:10  Zergling x8  
  82  12:05  Hatchery  
  81  12:08  Overlord x2  
  81  12:09  Hatchery, Overlord x3  
  81  12:11  Corruptor x4  
  81  12:12  Corruptor  
  90  12:53  Corruptor x3  
  90  13:18  Overseer  
  90  13:19  Overseer  
  90  13:35  Queen  
  92  13:48  Corruptor x3  
  98  14:00  Brood Lord  
  98  14:01  Brood Lord x10  
  120  14:11  Queen  
  120  14:13  Zerg Ground Armor Level 2  
  122  14:18  Queen  
  124  14:28  Overlord  
  124  14:29  Overlord x2  
  124  14:32  Zergling x8  
  124  14:33  Zergling x26  
  141  14:54  Queen  
  141  14:57  Brood Lord  
  141  14:58  Brood Lord x2  
  149  15:23  Corruptor x3  
  149  15:24  Corruptor x5  
  165  15:40  Overlord x2  
  165  15:41  Overlord x2  
  164  16:22  Overlord x2  
  164  16:23  Corruptor x6  
  172  16:39  Corruptor x2  
  135  17:55  Zergling x12  
  135  17:56  Zergling x12  
  147  18:14  Queen  
  149  18:33  Zergling x20  
  147  18:50  Queen  
Show
View Real Time Build Order
Export as new Build Order

southstar Terran 

Build Orders: Command Center First (CC) 

Get SALT Encoding   

  12  0:00  SCV  
  13  0:15  Refinery  
  13  0:17  SCV  
  14  0:30  SCV  
  14  0:32  Supply Depot  
  15  1:09  SCV  
  16  1:14  Command Center  
  16  1:21  SCV  
  17  1:28  Barracks  
  17  1:34  Barracks  
  17  1:39  SCV  
  18  2:13  SCV  
  19  2:22  Supply Depot  
  19  2:25  SCV  
  19  2:26  Barracks Tech Lab  
  20  2:46  Factory  
  20  2:53  SCV  
  21  3:05  SCV  
  21  3:08  SCV  
  23  3:14  Refinery  
  23  3:17  SCV  
  24  3:20  SCV  
  25  3:30  SCV  
  25  3:32  SCV  
  27  3:42  SCV  
  27  3:44  SCV  
  29  3:54  SCV  
  29  3:55  Refinery  
  30  3:56  SCV  
  30  3:57  Refinery  
  31  4:04  Siege Tank  
  31  4:06  SCV, Barracks Reactor  
  31  4:08  SCV  
  36  4:13  Starport  
  36  4:18  SCV  
  36  4:20  SCV  
  38  4:30  SCV  
  39  4:32  SCV  
  40  4:40  Engineering Bay  
  40  4:42  SCV  
  40  4:44  SCV  
  40  4:45  Siege Tank  
  45  4:51  Supply Depot x2  
  45  4:53  Engineering Bay  
  45  4:54  SCV  
  46  5:12  Viking x2  
  46  5:13  SCV  
  52  5:15  Orbital Command  
  52  5:20  Supply Depot  
  51  5:22  Supply Depot  
  51  5:23  Missile Turret  
  51  5:26  Orbital Command  
  51  5:29  Siege Tank  
  54  5:38  Supply Depot  
  54  5:53  Viking x2  
  54  5:54  Refinery  
  54  5:56  Command Center  
  58  5:57  Refinery  
  58  5:58  Missile Turret  
  58  6:14  Siege Tank  
  61  6:19  SCV  
  61  6:23  SCV  
  63  6:31  SCV  
  64  6:35  SCV  
  65  6:43  SCV  
  66  6:55  SCV  
  67  7:07  SCV  
  64  7:09  Missile Turret  
  64  7:14  SCV  
  61  7:19  SCV  
  61  7:21  Planetary Fortress  
  62  7:26  SCV  
  63  7:31  SCV  
  63  7:32  Starport  
  63  7:33  Starport x2  
  63  7:35  Starport  
  63  7:36  Armory  
  64  7:38  Armory, SCV  
  64  7:43  SCV  
  66  7:50  SCV  
  67  7:55  SCV  
  68  8:02  SCV  
  69  8:08  SCV  
  70  8:13  Starport Tech Lab x4  
  70  8:14  SCV  
  71  8:20  SCV  
  71  8:23  Missile Turret  
  71  8:25  Missile Turret  
  71  8:26  SCV  
  73  8:38  SCV  
  74  8:44  Cloaking Field  
  74  8:45  Banshee x2  
  74  8:46  Banshee x2  
  86  8:50  SCV  
  75  9:13  Starport  
  75  9:14  Starport  
  75  9:16  Starport  
  75  9:17  Starport, Terran Ship Weapons Level 1  
  75  9:19  SCV  
  76  9:28  Banshee x3  
  76  9:29  Banshee  
  76  9:31  SCV  
  89  9:41  Refinery  
  89  9:42  Command Center  
  89  9:43  SCV  
  89  9:44  Starport Tech Lab  
  89  9:45  Missile Turret  
  90  9:46  Refinery  
  90  9:52  Starport Tech Lab  
  90  9:53  Starport Tech Lab  
  90  9:54  Starport Tech Lab  
  90  9:55  Starport Tech Lab, SCV  
  91  10:02  Supply Depot  
  91  10:03  Supply Depot x3  
  91  10:05  Supply Depot  
  91  10:07  SCV  
  91  10:11  Banshee x3  
  101  10:23  Banshee  
  101  10:28  Missile Turret  
  104  10:33  Banshee x3  
  104  10:34  Banshee x2  
  119  10:43  Terran Vehicle Weapons Level 1  
  119  10:54  Banshee x3  
  119  10:56  Planetary Fortress  
  128  11:06  Banshee  
  146  11:25  Command Center  
  146  11:29  Command Center  
  146  11:36  Command Center  
  146  11:37  Command Center  
  155  11:40  Command Center  
  155  11:46  Command Center  
  155  11:47  Command Center  
  155  12:00  Terran Ship Weapons Level 2  
  131  12:06  Armory  
  80  12:41  Orbital Command  
  74  12:46  Orbital Command  
  72  12:52  Fusion Core  
  72  12:55  Planetary Fortress x2  
  72  13:04  Command Center x2  
  72  13:18  Refinery  
  57  13:22  Missile Turret x2, Refinery  
  48  13:43  SCV x3  
  50  13:55  SCV x3  
  53  13:59  Battlecruiser x3  
  53  14:00  Command Center  
  71  14:02  Refinery  
  71  14:03  Weapon Refit, Refinery  
  71  14:07  SCV x3  
  74  14:17  Planetary Fortress  
  74  14:19  SCV x3, Planetary Fortress  
  77  14:31  SCV x3  
  80  14:43  SCV x3  
  95  14:53  Battlecruiser  
  95  14:55  SCV x3  
  98  15:07  SCV x2  
  100  15:36  Planetary Fortress  
  97  15:44  Factory  
  97  15:46  Factory  
  97  15:47  Factory  
  97  15:49  Factory x2  
  90  15:50  SCV x2  
  90  15:51  Factory  
  90  15:53  Factory  
  90  15:54  Factory  
  90  15:56  SCV x3  
  88  16:02  SCV  
  88  16:03  SCV  
  89  16:08  SCV x3  
  90  16:15  SCV x2  
  91  16:20  SCV x3  
  94  16:27  SCV x2  
  94  16:29  Missile Turret  
  94  16:30  Factory Tech Lab x2  
  94  16:31  Factory Tech Lab  
  94  16:32  Orbital Command, SCV x3, Factory Tech Lab x2  
  87  16:34  Factory Tech Lab  
  87  16:35  Orbital Command  
  87  16:36  Factory Tech Lab  
  87  16:37  Factory Tech Lab  
  87  16:39  SCV x2  
  83  16:42  SCV  
  83  16:44  SCV x3  
  88  17:01  SCV  
  79  17:14  Siege Tank x2  
  79  17:15  Siege Tank x6  
  97  17:19  Supply Depot  
  97  17:20  Supply Depot  
  97  17:21  Supply Depot x2  
  97  17:22  Supply Depot  
  89  17:23  Supply Depot  
  89  17:25  Supply Depot x2  
  89  17:46  Siege Tank  
  89  17:47  Siege Tank x5  
  107  18:00  Siege Tank x2  
  113  18:15  Armory  
Show
View Real Time Build Order
Export as new Build Order

Wolfie Terran 

Build Orders:  

Get SALT Encoding   

  12  0:06  SCV  
  13  0:17  Supply Depot  
  13  0:24  SCV  
  14  0:36  SCV  
  14  0:41  Barracks  
  15  0:49  SCV  
  16  0:50  Supply Depot  
  16  1:01  SCV  
  17  1:09  Refinery  
  17  1:13  SCV  
  18  1:27  Barracks  
  18  1:29  Orbital Command  
  18  1:38  Bunker  
  18  1:49  Marine  
  19  1:55  SCV  
  20  2:02  Refinery  
  20  2:07  SCV  
  20  2:08  Barracks Tech Lab  
  21  2:19  Engineering Bay  
  21  2:21  SCV  
  22  2:23  Barracks Reactor  
  22  2:27  Marauder  
  24  2:33  SCV  
  25  2:47  Missile Turret  
  25  2:52  Marauder  
  25  2:56  Terran Infantry Weapons Level 1  
  27  3:05  Supply Depot  
  27  3:12  SCV  
  28  3:16  Marauder  
  28  3:17  Marine  
  31  3:26  Marine, SCV  
  33  3:27  Supply Depot  
  33  3:30  Combat Shield  
  33  3:35  Marine  
  33  3:37  Marine  
  35  3:44  Marine  
  36  3:53  Marine  
  39  3:55  Marauder  
  39  4:01  Supply Depot  
  39  4:02  Marine  
  40  4:10  Marine  
  40  4:16  Marine  
  42  4:19  Marine  
  43  4:28  Marine  
  43  4:29  Supply Depot  
  44  4:34  Marauder  
  46  4:50  Terran Infantry Armor Level 1  
  46  4:56  Marauder  
  48  5:07  Marine x2  
  50  5:17  Marine  
  50  5:18  Factory  
  51  5:25  Marine x2  
  53  5:34  Marine  
  47  5:43  Marine x2  
  49  5:50  Missile Turret  
  49  5:52  Marine  
  50  6:00  Marine  
  50  6:01  Marine  
  52  6:10  Marine  
  53  6:18  Marine  
  53  6:19  Marine  
  53  6:23  Sensor Tower  
  55  6:28  Marine  
  56  6:38  Command Center  
  55  6:44  Missile Turret  
  55  6:55  Factory Tech Lab  
  55  6:59  Starport  
  55  7:22  Starport  
  55  7:33  Siege Tank  
  58  7:39  Starport Reactor  
  58  7:45  Marine  
  58  7:46  Marine x2  
  58  7:50  SCV  
  62  8:02  SCV  
  62  8:03  Marine x2  
  62  8:04  Marine  
  62  8:05  Siege Tank  
  62  8:14  SCV  
  63  8:21  Marine x2  
  65  8:31  Medivac  
  65  8:32  Medivac  
  69  9:01  Medivac  
  69  9:02  Medivac  
  30  11:24  Siege Tank  
  33  11:31  Starport Reactor  
  33  11:33  Medivac x2  
  33  11:37  SCV  
  38  11:44  Refinery  
  38  11:46  Refinery  
  38  11:50  SCV  
  39  11:56  Siege Tank  
  39  11:58  Armory  
  42  12:02  SCV  
  42  12:03  Medivac x2  
  42  12:08  Command Center  
  47  12:14  SCV  
  48  12:17  Marine x3  
  51  12:26  SCV  
  52  12:33  Siege Tank  
  52  12:35  Marine x3  
  58  12:52  Marine  
  58  12:53  Marine x2  
  61  13:00  Missile Turret  
  61  13:09  Medivac x2  
  61  13:10  Marine x2  
  61  13:11  Marine  
  68  13:16  Terran Infantry Weapons Level 2  
  68  13:18  Terran Vehicle And Ship Armor Level 1  
  68  13:21  Missile Turret  
  68  13:27  Barracks  
  68  13:28  Marine x3  
  71  13:46  Marine x3  
  74  14:04  Marine x3  
  77  14:22  Marine  
  37  14:59  Marine x3  
  40  15:13  Barracks Reactor  
  39  15:17  Marine x3  
  42  15:31  Medivac x4  
  42  15:34  Marine, Thor  
  42  15:35  Marine x2  
  59  15:52  Marine x2  
  59  15:53  Marine  
  62  16:08  Marine x2  
  62  16:10  Marine x2  
  62  16:11  Marine  
  67  16:17  Thor  
  73  16:26  Marine x2  
  73  16:28  Marine x3  
  78  17:34  Marine x2  
  78  17:42  Marine  
  78  17:43  Marine  
  78  17:44  Marine  
  76  17:52  Marine  
Tags
 
Add a new tag
Caveats
  • Supply blocks, unpowered buildings, or Contaminate may cause inaccurate times.
  • Supply counts are checked every 10 seconds.